 Dungeon Crawl Stone Soup version 0.30-a0-310-g7d6cbdfea6 (webtiles) character file.

Game seed: 17220652080920401747

923 Hubris850 the Grappler (level 7, -4/99 HPs)
             Began as a Troll Berserker on Oct 24, 2022.
             Was a Priest of Trog.
             Slain by Prince Ribbit (14 damage)
             ... on level 5 of the Dungeon.
             The game lasted 00:06:46 (2682 turns).

Hubris850 the Grappler (Troll Berserker)            Turns: 2682, Time: 00:06:46

Health: -4/99      AC:  5    Str: 28    XL:     7   Next: 84%
Magic:  6/6        EV: 10    Int:  3    God:    Trog [***...]
Gold:   245        SH:  0    Dex:  9    Spells: 6/6 levels left

rFire   . . .      SeeInvis .      - Unarmed
rCold   . . .      Faith    .    (no shield)
rNeg    . . .      Spirit   .    a - +0 animal skin
rPois   +          Reflect  .    (helmet restricted)
rElec   .          Harm     .    i - +0 cloak
rCorr   .          Rampage  .    (gloves unavailable)
Will    .....                    (boots unavailable)
Stlth   ..........               q - amulet of the acrobat
HPRegen 1.16/turn                n - ring of poison resistance
MPRegen 0.10/turn                (no ring)

@: berserking, very quick
A: large, unfitting armour, claws 3, regeneration 1, shaggy fur 1, tough skin 1
a: Renounce Religion, Berserk, Trog's Hand


You were on level 5 of the Dungeon.
You worshipped Trog.
Trog was most pleased with you.
You visited 1 branch of the dungeon, and saw 5 of its levels.

You collected 265 gold pieces.
You spent 20 gold pieces at shops.

Inventory:

Missiles
 c - 21 poisoned darts (quivered)
 g - 24 stones
 z - 2 throwing nets
Armour
 a - a +0 animal skin (worn)
 i - a +0 cloak (worn)
Jewellery
 n - a ring of poison resistance (left claw)
 q - an amulet of the acrobat (around neck)
Wands
 r - a wand of roots (8)
 t - a wand of paralysis (12)
 u - a wand of flame (8)
Scrolls
 b - 3 scrolls of teleportation {unknown}
 h - a scroll of amnesia {unknown}
 j - a scroll of torment {unknown}
 o - a scroll of summoning {unknown}
 s - 2 scrolls of blinking {unknown}
 v - a scroll of fear {unknown}
 y - a scroll of poison {unknown}
Potions
 d - 2 potions of haste
 e - 3 potions of heal wounds
 f - 2 potions of curing
 k - 2 potions of might {unknown}
 l - 3 potions of cancellation {unknown}
 m - a potion of invisibility {unknown}
 p - 2 potions of attraction
 w - a potion of flight {unknown}
 x - a potion of magic {unknown}


   Skills:
 - Level 2.4 Fighting
 + Level 0.8 Throwing
 - Level 2.4 Dodging
 + Level 8.4 Unarmed Combat
 - Level 3.0 Evocations


You had 6 spell levels left.
You didn't know any spells.
Your spell library was empty.

Dungeon Overview and Level Annotations

Branches:
Dungeon (5/15)             Temple (0/1) D:4

Altars:
Nemelex Xobeh
Vehumet
The Shining One

Shops:
D:2 ?

Annotations:
D:5 Prince Ribbit


Innate Abilities, Weirdness & Mutations

You are too large for most types of armour.
You have claws for hands.
Your natural rate of healing is unusually fast.
You are covered in fur. (AC +1)
You have tough skin. (AC +1)


Message History

Prince Ribbit hits you!
You closely miss Prince Ribbit. Prince Ribbit barely misses you.
You claw Prince Ribbit!
Prince Ribbit is moderately wounded.
Prince Ribbit hits you!
You scratch Prince Ribbit.
Prince Ribbit is heavily wounded.
Prince Ribbit hits you but does no damage.
Prince Ribbit hits you!
You closely miss Prince Ribbit.
Prince Ribbit is heavily wounded.
Prince Ribbit hits you.
You miss Prince Ribbit.
Prince Ribbit is heavily wounded.
Prince Ribbit hits you!
You are too injured to fight recklessly!
A red film seems to cover your vision as you go berserk!
You feel yourself moving faster!
You feel mighty! Prince Ribbit hits you!
* * * LOW HITPOINT WARNING * * *
You miss Prince Ribbit.
Prince Ribbit is heavily wounded.
Prince Ribbit hits you but does no damage.
You claw Prince Ribbit!
Prince Ribbit is severely wounded.
Prince Ribbit hits you.
* * * LOW HITPOINT WARNING * * *
You miss Prince Ribbit.
Prince Ribbit is severely wounded.
Prince Ribbit hits you!
* * * LOW HITPOINT WARNING * * *
You closely miss Prince Ribbit. Your claw misses Prince Ribbit.
Prince Ribbit is severely wounded.
You closely miss Prince Ribbit.
Prince Ribbit is severely wounded.
Prince Ribbit hits you.
* * * LOW HITPOINT WARNING * * *
You scratch Prince Ribbit.
Prince Ribbit is almost dead.
Prince Ribbit hits you!
You die...

. .#. #### #.. ... ##.##
..# ... #.### #†#
....###.# ........######
.
....##.......#######....
....#..#####...>@F.....#
......## #######......
.....## . .#### ....##
.. # .....# ###.. ...).#
... ...).###.#
#...)....# #...))).##


You could see Prince Ribbit.

Vanquished Creatures
  2 black bears
  An ogre (D:4)
  2 phantoms (D:4)
  A scorpion (D:5)
  A gnoll bouda (D:5)
  A hound (D:5)
  An orc priest (D:3)
  Jessica (D:2)
  2 iguanas
  Natasha (twice) (D:2)
  2 orc wizards
  5 gnolls (D:5)
  5 adders
  3 worms
  11 orcs
  4 ball pythons
  4 bats
  5 endoplasms
  3 giant cockroaches
  9 goblins
  2 hobgoblins
  2 jackals (D:2)
  11 kobolds
  4 quokkas
  2 frilled lizards (D:1)
  5 rats
91 creatures vanquished.

Notes
Turn   | Place    | Note
-------+----------+-------------------------------------------
     0 | D:1      | Hubris850 the Troll Berserker began the quest for the Orb.
     0 | D:1      | Reached XP level 1. HP: 22/22 MP: 0/0
   135 | D:1      | Reached XP level 2. HP: 29/29 MP: 1/1
   325 | D:1      | You fall into a shaft and drop 1 floor!
   353 | D:2      | Reached skill level 4 in Unarmed Combat
   358 | D:2      | Reached XP level 3. HP: 36/36 MP: 2/2
   658 | D:1      | Reached ** piety under Trog
  1055 | D:2      | Noticed Natasha
  1060 | D:2      | Killed Natasha
  1061 | D:2      | Reached skill level 5 in Unarmed Combat
  1061 | D:2      | Reached XP level 4. HP: 39/44 MP: 3/3
  1103 | D:2      | Found Usoleg's Magic Scroll Shoppe.
  1107 | D:2      | Bought a scroll of identify for 20 gold pieces
  1110 | D:2      | Noticed Jessica
  1112 | D:2      | Killed Jessica
  1170 | D:2      | Noticed Natasha
  1177 | D:2      | Killed Natasha
  1204 | D:2      | Reached XP level 5. HP: 50/50 MP: 4/4
  1321 | D:3      | Noticed a black bear
  1342 | D:3      | Killed a black bear
  1343 | D:3      | Reached skill level 6 in Unarmed Combat
  1364 | D:3      | Found a sparkling altar of Nemelex Xobeh.
  1364 | D:3      | Found a radiant altar of Vehumet.
  1535 | D:3      | Found a glowing golden altar of the Shining One.
  1607 | D:3      | Reached XP level 6. HP: 59/59 MP: 5/5
  1995 | D:4      | Reached skill level 7 in Unarmed Combat
  1996 | D:4      | Reached skill level 1 in Evocations
  2127 | D:4      | Found a staircase to the Ecumenical Temple.
  2292 | D:4      | Reached XP level 7. HP: 66/66 MP: 6/6
  2301 | D:4      | Reached *** piety under Trog
  2565 | D:5      | Entered Level 5 of the Dungeon
  2570 | D:5      | Reached skill level 8 in Unarmed Combat
  2666 | D:5      | Noticed Prince Ribbit
  2682 | D:5      | Slain by Prince Ribbit

Illustrated notes

Levels and vault maps discovered:
D:1:      tarquinn_simple_flora_water_c, layout_loops_ring,
          corexii_corridor_pit, amcnicky_mini_rare_corridor_liquid
D:2:      layout_basic, serial_shops, shop, uniq_natasha, uniq_jessica
D:3:      layout_loops_ring, tso_metal_star,
          chequers_temple_overflow_statue_of_worship
D:4:      layout_gridville, minmay_temple_entry_slanted
D:5:      layout_rooms, uniq_prince_ribbit1

Skill      XL: |  1  2  3  4  5  6  7 |
---------------+----------------------+-----
Unarmed Combat | 4 5 6 7 8 |  8.4
Evocations     | 2 3 |  3.0
Fighting       | |  2.4
Throwing       | |  0.8
Dodging        | |  2.4

Action                   |  1- 3 |  4- 6 |  7- 9 || total
-------------------------+-------+-------+-------++-------
Melee: Unarmed           |    87 |    91 |    57 ||   235
       Punch             |     2 |     3 |       ||     5
Invok: Berserk           |       |     1 |     2 ||     3
  Use: Scroll            |       |     4 |       ||     4
 Stab: Sleeping          |     1 |       |       ||     1
Armor: Animal skin       |    35 |    35 |    14 ||    84
Dodge: Dodged            |    39 |    48 |    27 ||   114

Table legend: (Time is in decaauts)
 A = Elapsed time spent in this place.
 B = Non-inter-level travel time spent in this place.
 C = Inter-level travel time spent in this place.
 D = Time resting spent in this place.
 E = Time spent auto-exploring this place.
 F = Levels seen in this place.
 G = Mean time per level.
                   A        B        C        D        E       F      G
               +--------+--------+--------+--------+--------+-----+--------+
         Total |   2682 |   2588 |     94 |     92 |   1951 |   5 |  536.4 |
       Dungeon |   2682 |   2588 |     94 |     92 |   1951 |   5 |  536.4 |
               +--------+--------+--------+--------+--------+-----+--------+

Top non-repeatable levels by time:
     D:1: 689 daAuts
     D:3: 687 daAuts
     D:2: 601 daAuts
     D:4: 583 daAuts
     D:5: 121 daAuts
